 Dungeon Crawl Stone Soup version 0.28.0-53-g5a82cb258f (webtiles) character file.

Game seed: 1013508800923148143

3297 LynnLen the Covert (level 9, -1/57 HPs)
             Began as a Vampire Enchanter on Aug 9, 2022.
             Was a Follower of Wu Jian.
             Slain by a wyvern (14 damage)
             ... on level 8 of the Dungeon.
             The game lasted 00:28:00 (7733 turns).

LynnLen the Covert (Vampire Enchanter)              Turns: 7733, Time: 00:28:00

Health: -1/57      AC:  8    Str:  7    XL:     9   Next: 70%
Magic:  23/23      EV: 13    Int: 17    God:    Wu Jian [*.....]
Gold:   358        SH:  0    Dex: 19    Spells: 12/15 levels left

rFire   + . .      SeeInvis +   o - +3 dagger (venom)
rCold   . . .      Faith    .   (no shield)
rNeg    . . .      Spirit   .   s - +0 leather armour {rF+}
rPois   .          Reflect  .   (helmet restricted)
rElec   .          Harm     .   (no cloak)
rCorr   .          Rampage  .   g - +0 pair of gloves
Will    .....      Clarity  +   (no boots)
Stlth   +++++.....              (no amulet)
HPRegen 0.39/turn               j - ring of magical power
MPRegen 0.18/turn               t - +4 ring of protection

@: healing quickly
A: alive, fangs 3, see invisible, vampiric 2, antennae 1, clarity
a: Exsanguinate, Renounce Religion


You were on level 8 of the Dungeon.
You worshipped Wu Jian.
Wu Jian was aware of your devotion.
You visited 1 branch of the dungeon, and saw 8 of its levels.

You collected 468 gold pieces.
You spent 110 gold pieces at shops.

Inventory:

Hand Weapons
 a - a +1 dagger
 o - a +3 dagger of venom (weapon)
 q - a +0 short sword of freezing
Missiles
 d - 210 stones
 n - 3 boomerangs
 z - a throwing net
 A - 12 poisoned darts
Armour
 b - a +0 robe
 g - a +0 pair of gloves (worn)
 s - a +0 leather armour of fire resistance (worn)
Jewellery
 j - a ring of magical power (left hand)
 t - a +4 ring of protection (right hand)
Wands
 e - a wand of charming (7)
 w - a wand of digging (3)
Scrolls
 k - 2 scrolls of magic mapping
 m - a scroll of silence {unknown}
 p - 2 scrolls of blinking
 x - a scroll of acquirement {unknown}
 y - a scroll of teleportation {unknown}
Potions
 c - 2 potions of mutation
 f - 2 potions of heal wounds
 h - 2 potions of attraction
 i - a potion of magic {unknown}
 l - 2 potions of might {unknown}
 r - a potion of haste {unknown}
 u - a potion of resistance
 v - a potion of brilliance {unknown}


   Skills:
 - Level 10.7 Short Blades
 + Level 4.2 Dodging
 + Level 12.6 Stealth
 + Level 3.6 Spellcasting
 + Level 6.6 Hexes


You had 12 spell levels left.
You knew the following spells:

 Your Spells              Type           Power      Damage    Failure   Level
a - Confusing Touch       Hex            25%        N/A       4%          3

Your spell library contained the following spells:

 Spells                   Type           Power      Damage    Failure   Level
 Tukima's Dance           Hex            25%        N/A       4%          3
 Ensorcelled Hibernation  Hex/Ice        28%        N/A       10%         2
 Dazzling Flash           Conj/Hex       28%        N/A       19%         3
 Freeze                   Ice            12%        1d4       26%         1
 Frozen Ramparts          Ice            6%         1d2       58%         3
 Hailstorm                Conj/Ice       3%         3d3       94%         4
 Chain Lightning          Conj/Air       1%         3d2       100%        9
 Fire Storm               Conj/Fire      1%         8d1       100%        9
 Shatter                  Erth           1%         3d6*      100%        9


Dungeon Overview and Level Annotations

Branches:
Dungeon (8/15)             Temple (0/1) D:4            Lair (0/6) D:8

Altars:
Wu Jian
Beogh

Shops:
D:1 =   D:3 !   D:5 :

Portals:
Abyss: D:7

Annotations:
D:3 3 runed translucent doors, cbfl8's ghost, amateur MiBe
D:6 2 transporters
D:7 2 transporters, phonic's ghost, novice MiBe


Innate Abilities, Weirdness & Mutations

Your natural rate of healing is accelerated.
You have razor-sharp teeth.
You have supernaturally acute eyesight. (SInv)
You are afflicted with vampirism and can become a bat while bloodless.
You have a pair of small antennae on your head.
You possess an exceptional clarity of mind.


Message History

You can access your shopping list by pressing '$'.
You now have 358 gold pieces (gained 12).
A wyvern is nearby!
A wyvern is nearby!
You lunge at the wyvern, in a flurry of attacks.
The wyvern hisses angrily.
You hit the wyvern but do no damage.
The wyvern is poisoned.
You hit the wyvern but do no damage.
The wyvern looks as sick as possible!
The wyvern bites you! The wyvern bites you.
You hit the wyvern.
The wyvern is lightly wounded.
You hit the wyvern.
The wyvern is moderately wounded.
The wyvern closely misses you.
You hit the wyvern but do no damage.
The wyvern is moderately wounded.
The wyvern closely misses you.
You hit the wyvern but do no damage.
The wyvern looks as sick as possible!
You bite the wyvern, but do no damage.
The wyvern is moderately wounded.
The wyvern bites you!
You barely miss the wyvern. You bite the wyvern, but do no damage.
The wyvern is moderately wounded.
You hit the wyvern but do no damage.
The wyvern looks as sick as possible!
The wyvern is heavily wounded.
The wyvern bites you but does no damage.
You hit the wyvern but do no damage. You bite the wyvern, but do no damage.
The wyvern is heavily wounded.
The wyvern bites you!
You hit the wyvern.
The wyvern looks as sick as possible!
Your bite misses the wyvern.
The wyvern is severely wounded.
The wyvern bites you!
* * * LOW HITPOINT WARNING * * *
You hit the wyvern.
The wyvern is almost dead.
You hit the wyvern.
The wyvern looks as sick as possible!
The wyvern is almost dead.
The wyvern bites you!
You die...

. #≈...>P..≈# #.
###...PP....# .
#.#.##...##.# ..
#.#..#...#..##
...#..#...≈...#.# .
........###....# ...
#............##.....
...#.#.#.#......'......
.......@........####+##
.....#l.####.†..# ###
..... ......#
.....#.##.#...# ...#.##
.##.##### .. #. .##. .
. ###. ..


You could see a wyvern (extremely poisoned).

Vanquished Creatures
  Pikel (D:5)
  Joseph (D:8)
  Prince Ribbit (D:5)
  Grinder (D:6)
  A shadow (D:7)
  Edmund (D:6)
  An ice beast (D:6)
  A sky beast (D:8)
  3 ogres
  A phantom (D:5)
  A kobold brigand (D:8)
  Blork the orc (D:5)
  A water moccasin zombie (D:7)
  3 wights
  An electric eel (D:6)
  A howler monkey (D:5)
  A bullfrog zombie (D:7)
  3 centaur zombies
  2 hounds
  A gnoll shaman (D:7)
  3 jellies
  A centaur skeleton (D:6)
  2 orc wizards
  10 gnolls
  8 adders
  An ufetubus (D:5)
  An adder skeleton (D:4)
  4 worms
  3 dart slugs
  18 orcs
  7 endoplasms
  2 giant cockroaches
  4 goblins
  3 hobgoblins
  2 quokkas
  3 ball pythons
  A bat (D:3)
  4 frilled lizards
  9 kobolds
  3 rats
116 creatures vanquished.

Vanquished Creatures (others)
  3 fungi (D:8)
  2 plants (D:8)
5 creatures vanquished.

Grand Total: 121 creatures vanquished

Notes
Turn   | Place    | Note
-------+----------+-------------------------------------------
     0 | D:1      | LynnLen the Vampire Enchanter began the quest for the Orb.
     0 | D:1      | Reached XP level 1. HP: 13/13 MP: 3/3
   236 | D:1      | Reached XP level 2. HP: 17/19 MP: 5/5
   428 | D:1      | Found Lunot's Jewellery Emporium.
   605 | D:1      | Reached skill level 5 in Stealth
   999 | D:2      | Gained mutation: You are afflicted with vampirism and can
                  | become a bat while bloodless. [Vampire growth]
   999 | D:2      | Reached XP level 3. HP: 11/24 MP: 6/6
  1047 | D:2      | Learned a level 3 spell: Confusing Touch
  1312 | D:3      | Noticed cbfl8's ghost (amateur MiBe)
  1312 | D:3      | Found a runed translucent gate.
  1312 | D:3      | Found a runed translucent gate.
  1312 | D:3      | Found a runed translucent gate.
  1591 | D:3      | Reached XP level 4. HP: 23/30 MP: 4/7
  1638 | D:3      | Found an ornate altar of the Wu Jian Council.
  1668 | D:3      | Became a worshipper of the Wu Jian Council
  1791 | D:3      | Found Ciuxu's Distillery.
  1835 | D:3      | Bought a potion of degeneration for 11 gold pieces
  1854 | D:3      | Bought a potion of attraction for 33 gold pieces
  1854 | D:3      | Bought a potion of curing for 33 gold pieces
  1854 | D:3      | Bought a potion of curing for 33 gold pieces
  2550 | D:4      | Found a staircase to the Ecumenical Temple.
  2773 | D:4      | Reached skill level 6 in Stealth
  3225 | D:4      | Reached XP level 5. HP: 32/35 MP: 5/8
  3604 | D:4      | Gained mutation: Your muscles are strong. (Str +2) [potion
                  | of mutation]
  3608 | D:4      | Lost mutation: Your muscles are strong. (Str +2) [potion of
                  | mutation]
  3608 | D:4      | Gained mutation: You have a pair of small antennae on your
                  | head. [potion of mutation]
  3608 | D:4      | Gained mutation: You possess an exceptional clarity of
                  | mind. [potion of mutation]
  3665 | D:5      | Entered Level 5 of the Dungeon
  3707 | D:5      | Noticed an ogre
  3710 | D:5      | Killed an ogre
  3711 | D:5      | Reached skill level 5 in Short Blades
  3722 | D:5      | Reached skill level 7 in Stealth
  3722 | D:5      | Reached XP level 6. HP: 34/41 MP: 9/9
  3960 | D:5      | Found Bempepome's Book Emporium.
  3960 | D:5      | Noticed Prince Ribbit
  3971 | D:5      | Killed Prince Ribbit
  3972 | D:5      | Reached skill level 8 in Stealth
  3972 | D:5      | Reached XP level 7. HP: 46/46 MP: 10/10
  4177 | D:5      | Noticed Blork the orc
  4188 | D:5      | Killed Blork the orc
  4306 | D:5      | Reached * piety under Wu Jian
  4582 | D:6      | Reached skill level 9 in Stealth
  4790 | D:6      | Reached XP level 8. HP: 34/51 MP: 11/11
  4939 | D:6      | Noticed Pikel
  4980 | D:5      | Killed Pikel
  4981 | D:5      | Reached skill level 10 in Stealth
  5588 | D:6      | Noticed Edmund
  5605 | D:6      | Killed Edmund
  5675 | D:6      | Reached skill level 10 in Short Blades
  5799 | D:6      | Reached skill level 11 in Stealth
  5842 | D:6      | Found a transporter.
  5951 | D:6      | Noticed Grinder
  5967 | D:6      | Killed Grinder
  5968 | D:6      | Reached XP level 9. HP: 55/57 MP: 12/12
  6082 | D:6      | Found a transporter.
  6568 | D:7      | Reached skill level 12 in Stealth
  6568 | D:7      | Reached skill level 5 in Hexes
  6670 | D:7      | Found a transporter.
  6808 | D:7      | Found a one-way gate to the infinite horrors of the Abyss.
  6808 | D:7      | Noticed phonic's ghost (novice MiBe)
  6809 | D:7      | Noticed a brown ugly thing
  6823 | D:7      | Found a transporter.
  7342 | D:8      | Found a staircase to the Lair.
  7343 | D:8      | Noticed Joseph
  7544 | D:8      | Killed Joseph
  7733 | D:8      | Slain by a wyvern

Illustrated notes

Levels and vault maps discovered:
D:1:      saegor_arrival_simple_c, layout_basic, serial_shops, shop
D:2:      layout_rooms, minmay_distorted
D:3:      layout_rooms, nicolae_wu_jian_wuxing_cycle, serial_shops, shop,
          biasface_ghost_orc_armoury, dk_noncrumbling_4, hangedman_glass_teeth,
          lemuel_flame_loot_1
D:4:      layout_basic, minmay_temple_entry_enclosed_plants
D:5:      layout_cave_pods, serial_rivers, chequers_serial_rivers_micro_c,
          chequers_serial_rivers_small_b, chequers_serial_rivers_marsh,
          chequers_serial_rivers_small_3, serial_shops, shop_fountains,
          uniq_prince_ribbit1, uniq_blork_the_orc
D:6:      gammafunk_cloud_chamber, layout_cave_pods, serial_park,
          serial_park_square2, serial_park_tiny_2, serial_park_fountain,
          serial_park_tiny_pond, serial_park_square1
          [serial_park_minivault_5x5_8], uniq_pikel, uniq_grinder, uniq_edmund
D:7:      layout_rooms, gammafunk_ghost_abyssal_escape,
          hangedman_abyss_or_decor_stagger
D:8:      layout_basic, zin_purify, dpeg_oklobed_lair, uniq_joseph

Skill      XL: |  1  2  3  4  5  6  7  8  9 |
---------------+----------------------------+-----
Short Blades   | 2 3 4 5 6 8 10 | 10.7
Stealth        | 5 6 7 8 9 11 12 | 12.6
Dodging        | 4 |  4.2
Hexes          | 6 |  6.6
Spellcasting   | 3 |  3.6

Action                   |  1- 3 |  4- 6 |  7- 9 || total
-------------------------+-------+-------+-------++-------
Melee: Dagger            |   143 |    77 |   285 ||   505
       Bite              |    16 |    10 |    34 ||    60
       Punch             |     4 |     2 |     7 ||    13
Throw: Boomerang         |     1 |     3 |       ||     4
 Cast: Confusing Touch   |     1 |     8 |    11 ||    20
Invok: Lunge             |       |    18 |    23 ||    41
       Whirlwind         |       |       |    16 ||    16
  Use: Scroll            |     5 |     1 |     2 ||     8
       Potion            |       |     5 |     2 ||     7
 Stab: Sleeping          |     8 |    11 |    12 ||    31
       Confused          |       |     2 |    11 ||    13
       Distracted        |       |       |     1 ||     1
Armor: Robe              |     4 |       |       ||     4
       Leather armour    |    22 |    13 |    36 ||    71
Dodge: Dodged            |    75 |    30 |    72 ||   177
